 Dungeon Crawl Stone Soup version 0.22-b1-26-g9dbaab1 (webtiles) character file.

43 Loudmushroom the Chopper (level 3, -1/33 HPs)
             Began as a Minotaur Berserker on Aug 6, 2018.
             Was a Believer of Trog.
             Slain by an adder (5 damage)
             ... on level 2 of the Dungeon.
             The game lasted 00:08:28 (1377 turns).

Loudmushroom the Chopper (Minotaur Berserker)       Turns: 1377, Time: 00:08:29

Health: -1/33      AC:  2    Str: 21    XL:     3   Next: 37%
Magic:  2/2        EV: 12    Int:  4    God:    Trog [**....]
Gold:   83         SH:  3    Dex: 10    Spells: 2/2 levels left

rFire    . . .     SeeInvis .   v - +0 hand axe (flame)
rCold    . . .     Gourm    .   u - +0 buckler
rNeg     . . .     Faith    .   b - +0 animal skin
rPois    .         Spirit   .   (helmet restricted)
rElec    .         Reflect  .   (no cloak)
rCorr    .         Harm     .   (no gloves)
MR       .....                  (no boots)
Stlth    +.........             (no amulet)
HPRegen  0.11/turn              (no ring)
MPRegen  0.08/turn              (no ring)

@: lethally poisoned (-1 -> -5)
A: retaliatory headbutt, horns 2
a: Berserk, Trog's Hand, Renounce Religion


You were on level 2 of the Dungeon.
You worshipped Trog.
Trog was pleased with you.
You were not hungry.

You visited 1 branch of the dungeon, and saw 2 of its levels.

You collected 83 gold pieces.

Inventory:

Hand Weapons
 a - a +0 hand axe
 f - a +0 hunting sling
 i - a +0 dagger
 q - a +0 hunting sling
 v - a +0 hand axe of flaming (weapon)
Missiles
 d - 17 poisoned needles
 g - 3 curare-tipped needles
 h - 23 arrows
 j - 8 javelins (quivered)
 k - 21 bolts
 p - 65 stones
 r - 25 sling bullets
Armour
 b - a +0 animal skin (worn)
 u - a +0 buckler (worn)
Jewellery
 t - a cursed ring of attention {unknown}
Scrolls
 e - a scroll of remove curse {unknown}
 n - a scroll of identify {unknown}
Potions
 l - a potion of haste {unknown}
 m - a potion of invisibility {unknown}
 o - a potion of mutation {unknown}
 s - a potion of curing {unknown}
Comestibles
 c - 3 rations
 w - 3 chunks of flesh


   Skills:
 + Level 4.0 Fighting
 * Level 4.4 Axes
 + Level 3.0 Armour
 + Level 2.7 Dodging


You had 2 spell levels left.
You didn't know any spells.
Your spell library was empty.

Dungeon Overview and Level Annotations

Branches:
Dungeon (2/15)

Altars:
Uskayaw


Innate Abilities, Weirdness & Mutations

You reflexively headbutt those who attack you in melee.
You have a pair of horns on your head.


Message History

You hit the adder. You burn the adder.
The adder is moderately wounded.
The adder bites you.
You miss the adder.
The adder is moderately wounded.
You feel sick. The adder bites you. The adder closely misses you.
Your shield prevents you from hitting the adder.
The adder is moderately wounded.
You feel sick. You block the adder's attack.
You hit the adder. You burn the adder.
The adder is heavily wounded.
The adder bites you.
* * * LOW HITPOINT WARNING * * *
The adder bites you.
* * * LOW HITPOINT WARNING * * *
You closely miss the adder.
The adder is heavily wounded.
* * * LOW HITPOINT WARNING * * *
You feel sick. The adder bites you.
You die...

#######.!.
###.........
...........
#.......... #........#
#######........##
..##....?..........#
..##+### #†.@S......
...#....###.).......#
...+....'...#####....
#
#...#....###.........#
.....................
#
##..._...###..........
.<.......# #..........
#..#####.###...##+##..
#..#.((#.......# .


You could see an adder.

Vanquished Creatures
  An adder (D:2)
  2 dart slugs (D:2)
  5 bats (D:1)
  3 giant cockroaches (D:1)
  3 goblins (D:1)
  2 hobgoblins
  A quokka (D:2)
  A frilled lizard (D:1)
  5 kobolds
  5 rats (D:1)
28 creatures vanquished.

Notes
Turn   | Place    | Note
-------+----------+-------------------------------------------
     0 | D:1      | Loudmushroom the Minotaur Berserker began the quest for the Orb.
     0 | D:1      | Reached XP level 1. HP: 19/19 MP: 0/0
   120 | D:1      | Reached XP level 2. HP: 27/27 MP: 1/1
  1304 | D:2      | Found a hide-covered altar of Uskayaw.
  1304 | D:2      | Noticed a dagger
  1304 | D:2      | Noticed a hand axe
  1346 | D:2      | Reached XP level 3. HP: 33/33 MP: 2/2
  1368 | D:2      | Reached ** piety under Trog
  1377 | D:2      | Slain by an adder

Skill      XL: |  1  2  3 |
---------------+----------+-----
Axes           | 4 |  4.4
Fighting       | 4 |  4.0
Armour         | 3 |  3.0
Dodging        | |  2.7

Action                   || total
-------------------------++-------
Melee: Hand axe          ||    63
       Headbutt          ||     5
  Eat: Ration            ||     1
Armor: Animal skin       ||    19
Dodge: Dodged            ||    40
Block: Buckler           ||     4
